 Dungeon Crawl Stone Soup version 0.32-a0-361-g289a535e89 (webtiles) character file.

Game seed: 11362679293269426242

56 zeratav the Slasher (level 3, -2/27 HPs)
             Began as a Coglin Gladiator on Feb 18, 2024.
             Slain by a kobold
             ... wielding a +0 dagger
              (3 damage)
             ... on level 2 of the Dungeon.
             The game lasted 00:01:47 (810 turns).

zeratav the Slasher (Coglin Gladiator)               Turns: 810, Time: 00:01:47

Health: -2/27      AC:  4    Str: 14    XL:     3   Next: 95%
Magic:  3/3        EV: 12    Int:  7    God:
Gold:   69         SH:  0    Dex: 17    Spells: 2/2 levels left

rFire   . . .        a - +0 long sword {Friedl}
rCold   . . .        (no shield)
rNeg    . . .        b - +0 leather armour
rPois   .            c - +0 helmet
rElec   .            (no cloak)
rCorr   .            (no gloves)
SInv    .            (no boots)
Will    .....        (no amulet)
Stlth   +            (no ring)
HPRegen 0.24/turn    (no ring)
MPRegen 0.08/turn

%: no passive effects
@: revved, stiff-legged, very slow
A: off-hand wielding, slow wielding, warmup strikes, warmup strides
a: no special abilities


You were on level 2 of the Dungeon.
You visited 1 branch of the dungeon, and saw 2 of its levels.

You collected 69 gold pieces.


Innate Abilities, Weirdness & Mutations

You can wield a second weapon in your off-hand.
It takes a long time for you to wield or remove held weapons.
Your first few attacks do less damage.
Your first movements take longer.


   Skills:
 - Level 2.0 Fighting
 + Level 4.7 Long Blades
 - Level 1.7 Throwing
 - Level 2.6 Dodging


You had 2 spell levels left.
You didn't know any spells.
Your spell library contained the following spells:

 Spells                   Type           Power      Damage    Failure   Level
 Apportation              Tloc           0%         N/A       52%         1
 Jinxbite                 Hex            0%         N/A       65%         2
 Alistair's Intoxication  Alch           0%         N/A       100%        5

Inventory:

Hand Weapons
 a - a +0 long sword (weapon) {Friedl}
Missiles
 d - 3 throwing nets (quivered) {=fthrowing}
 e - a javelin {throwing}
Armour
 b - a +0 leather armour (worn)
 c - a +0 helmet (worn)
Scrolls
 f - a scroll of teleportation {unknown}
 h - a scroll of fog {unknown}
 i - a scroll of identify {unknown}
 j - a scroll of vulnerability {unknown}
Potions
 g - a potion of curing {unknown}

Dungeon Overview and Level Annotations

Branches:
Dungeon (2/15) Zot: 11137

Altars:

. #.>... #....g
#.?..g.
#.....gg#######
#.............##
#..# #.....##
#Kg# #......#
#)@# #†.....##
##g# #........
#.#######).....##
#........).....#
#........<.....#
######.........#
#.........#
#.........#
#.........#


You could see 2 goblins and a kobold.


Message History

You slash the goblin!
You kill the goblin!
The hobgoblin hits you. The goblin hits you with a +0 club.
HP[-4]
You take 4 damage, and now have 19/27 hp.
You closely miss the hobgoblin. The hobgoblin misses you.
The goblin barely misses you. The hobgoblin completely misses you.
The goblin closely misses you. The goblin hits you but does no damage.
You climb upwards.
There is a stone staircase leading down here.
HP[+1]
You slash the goblin!
You kill the goblin!
The hobgoblin hits you. The goblin closely misses you.
HP[-2]
You take 2 damage, and now have 18/27 hp.
You barely miss the hobgoblin. The hobgoblin closely misses you.
The goblin barely misses you.
You slash the hobgoblin!
You kill the hobgoblin!
The goblin hits you but does no damage. The goblin hits you with a +0 dagger.
HP[-2]
You take 2 damage, and now have 16/27 hp.
The goblin barely misses you. The goblin closely misses you.
Things that are here:
a +0 club {mace}; a hobgoblin corpse You barely miss the goblin.
The goblin closely misses you.
HP[+1]
You miss the goblin. The goblin completely misses you.
You hit the goblin. The goblin closely misses you.
You hit the goblin.
You kill the goblin!
Things that are here:
a +0 dagger {short}; a goblin corpse; HP[+1]
You start resting.
HP[+9]
Your hp is fully restored (27).
There is a stone staircase leading down here.
Things that are here:
a +0 club {mace}; a hobgoblin corpse
There is a stone staircase leading down here.
You climb downwards.
Level annotation: Robin The hobgoblin shouts!
The goblin hits you but does no damage. The goblin barely misses you.
There is a stone staircase leading up, spattered with blood here.
You slash the goblin!
You kill the goblin!
The hobgoblin hits you but does no damage.
Things that are here:
a +0 dagger {short}; a +0 dagger {short}; a goblin corpse You slash the hobgoblin!
You kill the hobgoblin!
No target in view!
j - a scroll labelled APE BI IROMI A rat comes into view.
The rat squeaks loudly.
A goblin comes into view. It is wielding a +0 club.
Robin shouts!
You hear a shout! x2
A goblin comes into view. It is wielding a +0 dagger.
A goblin comes into view. It is wielding a +0 club.
Found a stone staircase leading down.
Robin throws the goblin at you! The rat bites you but does no damage.
The goblin completely misses you.
A kobold comes into view. It is wielding a +0 dagger.
The goblin moves out of view.
You hit the rat.
You kill the rat!
The goblin misses you.
You barely miss the goblin. The goblin closely misses you.
Robin throws the goblin at you! The goblin hits you but does no damage.
You hit the goblin.
You kill the goblin!
The goblin barely misses you.
Robin says, "Bow before me, strongest of all the hobgoblins!"
You hit Robin. The goblin completely misses you. Robin closely misses you.
A goblin comes into view. It is wielding a +0 dagger.
Robin barely misses you. The goblin barely misses you.
The kobold hits you but does no damage.
You slash Robin! The goblin hits you but does no damage.
Robin closely misses you. The kobold hits you but does no damage.
You barely miss Robin. The goblin hits you with a +0 club.
Robin hits you but does no damage.
You are electrocuted!!
Ouch! That really hurt!
* * * LOW HITPOINT WARNING * * *
The kobold hits you but does no damage.
HP[-23]
You take 23 damage, and now have 4/27 hp.
MASSIVE DAMAGE!! (PAUSE)
You are too injured to fight recklessly!
You slash Robin!
You kill Robin!
The goblin closely misses you. The kobold hits you with a +0 dagger.
* * * LOW HITPOINT WARNING * * *
HP[-3]
You take 3 damage, and now have 1/27 hp.
You hit the goblin. The goblin hits you but does no damage.
The goblin closely misses you. The kobold hits you with a +0 dagger.
You die...

Skill      XL: |  1  2 |
---------------+-------+-----
Long Blades    | 4 |  4.7
Fighting       | |  2.0
Throwing       | |  1.7
Dodging        | |  2.6

Action                     || total
---------------------------++-------
  Melee: Long sword        ||    51
   Stab: Sleeping          ||     1
 Armour: Leather armour    ||    40
  Dodge: Dodged            ||    48

Levels and vault maps discovered:
D:1:      dpeg_arrival_shelter, layout_basic
D:2:      minmay_wonky_spiral, layout_rooms, basic_altar,
          minmay_split_cup_large, uniq_robin, uniq_natasha

Notes
Turn   | Place    | Note
-------+----------+-------------------------------------------
     0 | D:1      | zeratav the Coglin Gladiator began the quest for the Orb.
     0 | D:1      | Reached XP level 1. HP: 16/16 MP: 1/1
     0 | D:1      | magus.rc [v1.9.6]
   306 | D:1      | Reached XP level 2. HP: 22/22 MP: 2/2
   318 | D:1      | You pick up a book of Party Tricks and begin reading...
   318 | D:1      | You add the spells Apportation, Jinxbite and Alistair's
                  | Intoxication to your library.
   658 | D:1      | Reached skill level 4 in Long Blades
   700 | D:2      | Reached XP level 3. HP: 27/27 MP: 3/3
   702 | D:2      | Noticed Robin
   808 | D:2      | HP: 4/27 [Robin/+0 whip of electrocution (20)]
   809 | D:2      | Killed Robin
   809 | D:2      | HP: 1/27 [kobold/+0 dagger (3)]
   810 | D:2      | Slain by a kobold

Vanquished Creatures
  Robin (D:2)
  2 dart slugs (D:1)
  An endoplasm (D:1)
  A giant cockroach (D:1)
  6 goblins
  5 hobgoblins
  A kobold (D:1)
  2 quokkas (D:1)
  2 bats
  A rat (D:2)
22 creatures vanquished.

Table legend:
 A = Non-vault XP
 B = Vault XP
 C = Vault XP percentage of total XP
 D = Non-vault monster count
 E = Vault monster count
 F = Vault count percentage of total count
                 A         B        C        D         E       F
            +---------+---------+-------+---------+---------+-------
      Total |      36 |      44 |  55.0 |      11 |      11 |  50.0
            +---------+---------+-------+---------+---------+-------
        D:1 |      33 |      14 |  29.8 |      10 |       5 |  33.3
        D:2 |       3 |      30 |  90.9 |       1 |       6 |  85.7
            +---------+---------+-------+---------+---------+-------

Skill      XL: |  1  2 |
---------------+-------+-----
Long Blades    | 4 |  4.7
Fighting       | |  2.0
Throwing       | |  1.7
Dodging        | |  2.6

Action                     || total
---------------------------++-------
  Melee: Long sword        ||    51
   Stab: Sleeping          ||     1
 Armour: Leather armour    ||    40
  Dodge: Dodged            ||    48

Illustrated notes

Table legend:
 A = Kills in this place as a percentage of kills in the entire game.
 B = Kills by you in this place as a percentage of kills by you in the entire game.
 C = Kills by friends in this place as a percentage of kills by friends in the entire game.
 D = Other kills in this place as a percentage of other kills in the entire game.
 E = Experience gained in this place as a percentage of experience gained in the entire game.
 F = Experience gained in this place divided by the number of levels of this place that you have seen.
                   A       B       C       D       E      F
               +-------+-------+-------+-------+-------+----------------------
         Total | 100.0 | 100.0 |   N/A |   N/A | 100.0 |  40.0
       Dungeon | 100.0 | 100.0 |   N/A |   N/A | 100.0 |  40.0
               +-------+-------+-------+-------+-------+----------------------

Table legend: (Time is in decaauts)
 A = Elapsed time spent in this place.
 B = Non-inter-level travel time spent in this place.
 C = Inter-level travel time spent in this place.
 D = Time resting spent in this place.
 E = Time spent auto-exploring this place.
 F = Levels seen in this place.
 G = Mean time per level.
                   A        B        C        D        E       F      G
               +--------+--------+--------+--------+--------+-----+--------+
         Total |    861 |    830 |     31 |     53 |    633 |   2 |  430.5 |
       Dungeon |    861 |    830 |     31 |     53 |    633 |   2 |  430.5 |
               +--------+--------+--------+--------+--------+-----+--------+

Top non-repeatable levels by time:
     D:1: 803 daAuts
     D:2: 58 daAuts
